 Dungeon Crawl Stone Soup version 0.31.0-9-g3a7656b989 (webtiles) character file.

Game seed: 15005351755080262788

1248 qw the Nimble (level 8, 0/39 HPs)
             Began as a Spriggan Hunter on Feb 2, 2024.
             Was a Follower of Okawaru.
             Slain by an orc
             ... wielding a +0 club
              (3 damage)
             ... on level 6 of the Dungeon.
             The game lasted 00:00:21 (3857 turns).

qw the Nimble (Spriggan Hunter)                     Turns: 3857, Time: 00:00:22

Health: 0/39       AC:  2    Str:  7    XL:     8   Next: 26%
Magic:  9/11       EV: 29    Int: 10    God:    Okawaru [*.....]
Gold:   314        SH:  0    Dex: 21    Spells: 7/7 levels left

rFire   . . .        b - +0 orcbow
rCold   . . .        (shield currently unavailable)
rNeg    + . .        c - +0 robe
rPois   .            (helmet restricted)
rElec   .            (no cloak)
rCorr   .            (gloves unavailable)
SInv    +            (boots unavailable)
Will    +....        (no amulet)
Stlth   ++++         l - ring of positive energy
HPRegen 0.26/turn    (no ring)
MPRegen 0.12/turn

%: no passive effects
@: heroic, very quick
A: very small, no large weapons, unfitting armour, see invisible, speed 3
a: Renounce Religion, Heroism


You were on level 6 of the Dungeon.
You worshipped Okawaru.
Okawaru was aware of your devotion.
You visited 2 branches of the dungeon, and saw 7 of its levels.

You collected 314 gold pieces.


Innate Abilities, Weirdness & Mutations

You are very small and have problems with some larger weapons.
You are too small for most types of armour.
You have supernaturally acute eyesight. (SInv)
You cover ground extremely quickly. (Speed+++)


   Skills:
 + Level 2.4(7.4) Fighting
 - Level 8.0(13.0) Ranged Weapons
 - Level 8.2(13.2) Dodging
 - Level 1.5(6.5) Stealth
 + Level 3.0 Invocations


You had 7 spell levels left.
You didn't know any spells.
Your spell library was empty.

Inventory:

Hand Weapons
 b - a +0 orcbow (weapon)
Armour
 c - a +0 robe (worn)
Jewellery
 l - a ring of positive energy (left hand)
Wands
 g - a wand of charming (6)
 h - a wand of mindburst (6)
Scrolls
 d - a scroll of identify
Potions
 a - a potion of cancellation {unknown}
 e - 7 potions of curing
 f - a potion of might {unknown}
 i - 2 potions of enlightenment
 j - a potion of heal wounds {unknown}
 k - 2 potions of haste {unknown}
 n - a potion of attraction {unknown}

Dungeon Overview and Level Annotations

Branches:
Dungeon (6/15)             Temple (1/1) D:4

Altars:
Cheibriados
Dithmenos
Elyvilon
Fedhas
Hepliaklqana
Kikubaaqudgha
Makhleb
Nemelex Xobeh
Okawaru
Qazlal
Ru
Sif Muna
Trog
Uskayaw
Wu Jian
Yredelemnul
Zin
The Shining One

Annotations:
D:2 1 runed translucent door, Crazy Yiuf
D:6 Dowan


Message History

Okawaru accepts your kill. The orc hits you with a +0 mace.
The orc closely misses you. The orc misses you. The orc closely misses you.
The orc hits you with a +0 club.
Your Dodging skill increases to level 8!
You shoot an arrow. The arrow hits the orc!
You kill the orc!
Dowan seems to find hidden reserves of power!
The bullfrog misses you. The orc misses you. The orc barely misses you.
You shoot an arrow. The arrow hits the bullfrog!
The bullfrog is heavily wounded.
The bullfrog completely misses you. The orc hits you with a +0 mace!
The orc hits you with a +0 club. The bullfrog barely misses you.
3851 ||| INVOKING Heroism.
You gain the combat prowess of a mighty hero.
Dowan completely misses you. The bullfrog closely misses you.
The orc completely misses you. x2
You shoot an arrow. The arrow hits the bullfrog!
The bullfrog is almost dead.
Dowan barely misses you. The bullfrog closely misses you.
The orc hits you with a +0 mace. Dowan completely misses you.
The orc hits you with a +0 club.
You shoot an arrow. The arrow barely misses the bullfrog.
The bullfrog barely misses you. Dowan misses you.
The bullfrog barely misses you.
You shoot an arrow. The arrow hits the bullfrog.
You kill the bullfrog!
Okawaru accepts your kill.
The orc completely misses you. x2; Dowan completely misses you.
Your Invocations skill increases to level 3!
You shoot an arrow. The arrow closely misses Dowan.
Dowan completely misses you. The orc hits you with a +0 club.
The orc completely misses you. Dowan completely misses you.
You shoot an arrow. The arrow closely misses Dowan.
The orc completely misses you. x2
Dowan gestures at you while chanting. The stone arrow hits you!
You shoot an arrow. The arrow hits Dowan.
Dowan is lightly wounded.
Dowan completely misses you. The orc hits you with a +0 club.
You die...

##....# ......[ ####...
#.....###.#### # ..#
###...#?.##.######.## ##
......##.#.......#.. ..
##................. .#
#..#.##.........## ..###
##..#.............#).....
....#.###.......e))......
......# #.......@o#.....$
...#.## #..####.o## ....e
##.#.# ##.. #.## o...
##.#.# ###. #.# o..
##.#.# #...# .. #.#.#
..## . #.#.# #.. #)#.#
... #)#.# # ##.


You could see Dowan (fast) and 2 orcs.

Vanquished Creatures
  Duvessa (D:6)
  2 ogres (D:6)
  A centaur (D:4)
  A phantom (D:5)
  A kobold brigand (D:6)
  A bullfrog (D:6)
  A scorpion (D:4)
  A jelly (D:6)
  2 orc priests (D:5)
  A gnoll bouda (D:6)
  4 iguanas
  2 sleepcaps
  Terence (D:2)
  Natasha (thrice) (D:3)
  An orc wizard (D:5)
  4 gnolls (D:6)
  8 adders
  2 dart slugs
  5 ribbon worms
  10 orcs
  8 endoplasms
  2 giant cockroaches
  7 goblins
  10 hobgoblins
  4 jackals (D:5)
  5 quokkas
  10 ball pythons
  6 bats
  10 kobolds
  2 rats
116 creatures vanquished.

Notes
Turn   | Place    | Note
-------+----------+-------------------------------------------
     0 | D:1      | qw the Spriggan Hunter began the quest for the Orb.
     0 | D:1      | Reached XP level 1. HP: 10/10 MP: 2/2
     0 | D:1      | 0 ||| qw: Version: 0.3-a-155-g5e7d8dd
     0 | D:1      | 0 ||| qw: Game counter: 2442
     0 | D:1      | 0 ||| qw: Melee chars always use a shield: true
     0 | D:1      | 0 ||| qw: God list: Okawaru
     0 | D:1      | 0 ||| qw: Allow faded altars: false
     0 | D:1      | 0 ||| qw: Do Orc after clearing Dungeon:15 true
     0 | D:1      | 0 ||| qw: Do second Lair branch before Depths: true
     0 | D:1      | 0 ||| qw: Lair rune preference: random
     0 | D:1      | 0 ||| qw: Goals: Normal
     0 | D:1      | 0 ||| PLANNING D:1-11
    48 | D:1      | Reached skill level 3 in Dodging
    62 | D:1      | Found a faded altar of an unknown god.
    94 | D:1      | Reached XP level 2. HP: 14/14 MP: 3/3
   386 | D:1      | Reached XP level 3. HP: 18/18 MP: 4/4
   464 | D:1      | 464 ||| DROPPING ring of wizardry.
   465 | D:1      | 465 ||| READING scroll labelled WIJAOS NIET.
   466 | D:1      | 466 ||| READING 2 scrolls labelled VIOMARA CAPH.
   466 | D:1      | 466 ||| IDENTIFYING 2 red potions
   467 | D:1      | 467 ||| READING scroll of identify.
   467 | D:1      | 467 ||| IDENTIFYING 3 grey potions
   468 | D:1      | 468 ||| READING scroll labelled TEOMOWN DOZA.
   473 | D:1      | 473 ||| DROPPING scroll of butterflies.
   474 | D:1      | 474 ||| DROPPING 3 potions of degeneration.
   555 | D:2      | Noticed Terence
   563 | D:2      | Killed Terence
   564 | D:2      | Reached XP level 4. HP: 18/22 MP: 5/5
   910 | D:2      | Found a runed translucent door.
   911 | D:2      | Noticed Crazy Yiuf
  1005 | D:2      | 1005 ||| READING scroll of identify.
  1005 | D:2      | 1005 ||| IDENTIFYING scroll labelled HABISUOCVATHRU
  1006 | D:2      | 1006 ||| READING scroll labelled UMMISTRY OGEFOMIPSU.
  1007 | D:2      | 1007 ||| DROPPING scroll of blinking.
  1054 | D:3      | Noticed Natasha
  1062 | D:3      | HP: 4/22 [cerulean imp/+1 spear[Natasha] (2)]
  1063 | D:3      | 1063 ||| READING scroll of teleportation.
  1066 | D:3      | Killed Natasha
  1242 | D:3      | Reached XP level 5. HP: 26/26 MP: 6/6
  1245 | D:3      | Noticed Natasha
  1260 | D:3      | Killed Natasha
  1262 | D:3      | 1262 ||| FLEEEEING.
  1263 | D:3      | 1263 ||| FLEEEEING.
  1264 | D:3      | 1264 ||| FLEEEEING.
  1265 | D:3      | 1265 ||| FLEEEEING.
  1267 | D:3      | 1267 ||| FLEEEEING.
  1268 | D:3      | 1268 ||| FLEEEEING.
  1269 | D:3      | 1269 ||| FLEEEEING.
  1270 | D:3      | 1270 ||| FLEEEEING.
  1271 | D:3      | 1271 ||| FLEEEEING.
  1273 | D:3      | 1273 ||| FLEEEEING.
  1277 | D:3      | 1277 ||| FLEEEEING.
  1278 | D:3      | 1278 ||| FLEEEEING.
  1279 | D:3      | 1279 ||| FLEEEEING.
  1280 | D:3      | 1280 ||| FLEEEEING.
  1281 | D:3      | 1281 ||| FLEEEEING.
  1282 | D:3      | 1282 ||| FLEEEEING.
  1283 | D:3      | 1283 ||| FLEEEEING.
  1284 | D:3      | 1284 ||| FLEEEEING.
  1288 | D:3      | 1288 ||| FLEEEEING.
  1289 | D:3      | 1289 ||| FLEEEEING.
  1290 | D:3      | 1290 ||| FLEEEEING.
  1291 | D:3      | 1291 ||| FLEEEEING.
  1292 | D:3      | 1292 ||| FLEEEEING.
  1293 | D:3      | 1293 ||| FLEEEEING.
  1294 | D:3      | 1294 ||| FLEEEEING.
  1295 | D:3      | 1295 ||| FLEEEEING.
  1493 | D:3      | Found a shimmering blue altar of Sif Muna.
  1495 | D:3      | Noticed Natasha
  1496 | D:3      | 1496 ||| READING scroll of identify.
  1496 | D:3      | 1496 ||| IDENTIFYING white potion
  1497 | D:3      | 1497 ||| READING scroll labelled LEDAIBR DYON.
  1513 | D:3      | Killed Natasha
  1895 | D:3      | Found a glowing silver altar of Zin.
  1896 | D:3      | 1896 ||| READING scroll labelled LEZUCI NORUOWE.
  1896 | D:3      | 1896 ||| ENCHANTING +0 shortbow.
  2006 | D:4      | Reached skill level 6 in Ranged Weapons
  2006 | D:4      | Reached XP level 6. HP: 30/30 MP: 7/7
  2223 | D:4      | 2223 ||| FLEEEEING.
  2224 | D:4      | 2224 ||| FLEEEEING.
  2225 | D:4      | 2225 ||| FLEEEEING.
  2225 | D:4      | Found a bloodstained altar of Trog.
  2226 | D:4      | 2226 ||| FLEEEEING.
  2227 | D:4      | 2227 ||| FLEEEEING.
  2228 | D:4      | 2228 ||| FLEEEEING.
  2229 | D:4      | 2229 ||| FLEEEEING.
  2231 | D:4      | 2231 ||| FLEEEEING.
  2232 | D:4      | 2232 ||| FLEEEEING.
  2234 | D:4      | 2234 ||| FLEEEEING.
  2235 | D:4      | 2235 ||| FLEEEEING.
  2236 | D:4      | 2236 ||| FLEEEEING.
  2237 | D:4      | 2237 ||| FLEEEEING.
  2238 | D:4      | 2238 ||| FLEEEEING.
  2239 | D:4      | 2239 ||| FLEEEEING.
  2244 | D:4      | Reached skill level 6 in Dodging
  2256 | D:4      | Found a staircase to the Ecumenical Temple.
  2257 | D:4      | 2257 ||| PLANNING TEMPLE
  2257 | D:4      | 2257 ||| SWAPPING to +0 orcbow.
  2261 | D:4      | 2261 ||| DROPPING +1 shortbow.
  2273 | Temple   | Entered the Ecumenical Temple
  2274 | Temple   | 2274 ||| PLANNING OKAWARU WORSHIP
  2302 | Temple   | Became a worshipper of Warmaster Okawaru
  2303 | Temple   | 2303 ||| PLANNING D:1-11
  2575 | D:4      | 2575 ||| READING scroll labelled HIXYOST LIRET.
  2589 | D:5      | Entered Level 5 of the Dungeon
  2693 | D:5      | Reached XP level 7. HP: 34/35 MP: 8/8
  2715 | D:5      | Found a hide-covered altar of Uskayaw.
  2715 | D:5      | Found a glowing golden altar of the Shining One.
  3222 | D:5      | 3222 ||| FLEEEEING.
  3223 | D:5      | 3223 ||| FLEEEEING.
  3224 | D:5      | 3224 ||| FLEEEEING.
  3226 | D:5      | 3226 ||| FLEEEEING.
  3478 | D:5      | 3478 ||| UPGRADING to ring of positive energy.
  3479 | D:5      | 3479 ||| READING 2 scrolls labelled DICKOL APIX.
  3580 | D:5      | 3580 ||| READING scroll labelled NUUREN ETTU.
  3581 | D:5      | 3581 ||| DROPPING scroll of silence.
  3592 | D:6      | 3592 ||| RETREEEEATING.
  3593 | D:6      | 3593 ||| RETREEEEATING.
  3594 | D:6      | 3594 ||| RETREEEEATING.
  3596 | D:6      | 3596 ||| RETREEEEATING.
  3597 | D:6      | 3597 ||| RETREEEEATING.
  3608 | D:6      | Reached * piety under Okawaru
  3609 | D:6      | 3609 ||| INVOKING Heroism.
  3617 | D:6      | 3617 ||| ZAPPING wand of mindburst (7) at 0,1 (kobold
                  | brigand; floor).
  3621 | D:6      | HP: 6/35 [gnoll bouda/+0 club (6)]
  3622 | D:6      | 3622 ||| READING scroll of teleportation.
  3626 | D:6      | Found a hazy altar of Hepliaklqana.
  3831 | D:6      | Reached skill level 1 in Invocations
  3833 | D:6      | Noticed Duvessa
  3838 | D:6      | Noticed Dowan
  3839 | D:6      | 3839 ||| RETREEEEATING.
  3843 | D:6      | Killed Duvessa
  3844 | D:6      | Reached XP level 8. HP: 39/39 MP: 10/10
  3851 | D:6      | 3851 ||| INVOKING Heroism.
  3855 | D:6      | Reached skill level 3 in Invocations
  3856 | D:6      | HP: 3/39 [Dowan/stone arrow (10)]
  3857 | D:6      | Slain by an orc

Levels and vault maps discovered:
D:1:      dpeg_arrival_erosion, layout_basic, shapermc_ecumenical_altar_gd
D:2:      layout_basic, serial_rivers, chequers_serial_rivers_micro_c,
          chequers_serial_rivers_small_3, chequers_serial_rivers_micro_e,
          chequers_serial_rivers_micro_a, chequers_serial_rivers_large_b,
          uniq_terence, uniq_crazy_yiuf_cottage
D:3:      layout_loops_ring, amcnicky_altar_gilded, zin_statuary, uniq_natasha
D:4:      layout_cave_pools, general_overflow_altar, minmay_temple_entry_wispy,
          chequers_arboretum
D:5:      layout_loops_ring, amethyst_overflow_temple_binary, serial_rivers,
          chequers_serial_rivers_micro_e, chequers_serial_rivers_marsh,
          chequers_serial_rivers_micro_b, chequers_serial_rivers_small_3
D:6:      layout_rooms, grunt_temple_overflow_open, uniq_duvessa
Temple:   nicolae_temple_godzebo

Skill      XL: |  1  2  3  4  5  6  7  8 |
---------------+-------------------------+-----
Dodging        | 3 4 5 6 7 8 |  8.2
Ranged Weapons | 5 6 8 |  8.0
Fighting       | 2 |  2.4
Invocations    | 2 3 |  3.0
Stealth        | |  1.5

Action                     |  1- 3 |  4- 6 |  7- 9 || total
---------------------------+-------+-------+-------++-------
   Fire: Shortbow          |    90 |   139 |       ||   229
         Orcbow            |       |    39 |   113 ||   152
 Invoke: Heroism           |       |       |     2 ||     2
  Evoke: Wand              |       |       |     1 ||     1
    Use: Scroll            |     4 |     7 |     3 ||    14
 Armour: Robe              |    11 |    23 |    15 ||    49
  Dodge: Dodged            |    25 |    94 |    76 ||   195

Table legend:
 A = Non-vault XP
 B = Vault XP
 C = Vault XP percentage of total XP
 D = Non-vault monster count
 E = Vault monster count
 F = Vault count percentage of total count
                 A         B        C        D         E       F
            +---------+---------+-------+---------+---------+-------
      Total |    1565 |     218 |  12.2 |     113 |       3 |   2.6
            +---------+---------+-------+---------+---------+-------
        D:1 |      50 |       0 |   0.0 |      29 |       0 |   0.0
        D:2 |      60 |      36 |  37.5 |      13 |       1 |   7.1
        D:3 |     115 |      35 |  23.3 |      16 |       1 |   5.9
        D:4 |     327 |       0 |   0.0 |      19 |       0 |   0.0
        D:5 |     312 |       0 |   0.0 |      16 |       0 |   0.0
        D:6 |     701 |     147 |  17.3 |      20 |       1 |   4.8
            +---------+---------+-------+---------+---------+-------
